 Dungeon Crawl Stone Soup version 0.23.2-1-ga50397a (webtiles) character file.

Game seed: 3945593232781738844

509269 Madoushi the Minotaur Barricade (level 23, -9/209 HPs)
             Began as a Minotaur Berserker on Apr 16, 2019.
             Was the Champion of Trog.
             Mangled by Mennas
             ... wielding a +4 trishula of holy wrath
              (16 damage)
             ... on level 4 of the Depths.
             The game lasted 03:54:05 (63218 turns).

Madoushi the Minotaur Barricade (MiBe)             Turns: 63218, Time: 03:54:06

Health: -9/209     AC: 31    Str: 37    XL:     23   Next: 90%
Magic:  8/8        EV: 14    Int:  6    God:    Trog [******]
Gold:   4707       SH: 41    Dex: 18    Spells: 22/22 levels left

rFire    + . .     SeeInvis +   L - +9 broad axe (antimagic)
rCold    + + .     Gourm    .   t - +6 large shield
rNeg     . . .     Faith    .   O - +7 plate armour of Difikk {Dex+7}
rPois    .         Spirit   .   (helmet restricted)
rElec    .         Reflect  +   G - scarf {rC+ rF+}
rCorr    .         Harm     .   d - +2 pair of gloves {Str+3}
MR       +....                  s - +0 pair of boots
Stlth    ..........             J - +6 amulet of reflection
HPRegen  0.44/turn              r - ring of see invisible
MPRegen  0.11/turn              X - +5 ring of strength

@: very slightly contaminated, glowing, silenced, drained
A: retaliatory headbutt, hooves 1, horns 2, rugged brown scales 1, blink, cold
resistance 1, frail 1
}: 3/15 runes: decaying, abyssal, gossamer
a: Blink, Renounce Religion


You were on level 4 of the Depths.
You worshipped Trog.
Trog was exalted by your worship.
You were not hungry.

You visited 8 branches of the dungeon, and saw 42 of its levels.
You visited the Abyss 1 time.
You visited 1 bazaar.

You collected 5237 gold pieces.
You spent 530 gold pieces at shops.

Inventory:

Hand Weapons
 L - a +9 antimagic broad axe (weapon)
 T - a +6 broad axe of freezing
Armour
 d - a +2 pair of gloves of strength (worn)
 s - a +0 pair of boots (worn)
 t - a +6 large shield (worn)
 D - a +2 cloak of magic resistance
 G - a scarf of resistance (worn)
 K - a +0 ring mail of poison resistance
 O - the +7 plate armour of Difikk (worn) {Dex+7}
   (You found it on level 6 of the Lair of Beasts)

   It affects your dexterity (+7).
Jewellery
 b - an uncursed ring of positive energy
 h - an uncursed ring of protection from fire
 l - an uncursed ring of ice
 q - an uncursed ring of fire
 r - a ring of see invisible (left hand)
 y - an uncursed ring of flight
 I - a cursed -4 ring of evasion
 J - a +6 amulet of reflection (around neck)
 U - an uncursed ring of protection from fire
 X - a +5 ring of strength (right hand)
Wands
 a - a wand of iceblast (76)
 f - a wand of disintegration (37)
 g - a wand of acid (2)
 i - a wand of polymorph (36)
 m - a wand of paralysis (2)
 w - a wand of clouds (4)
 Q - a wand of enslavement (20)
 S - a wand of flame (109)
 W - a wand of scattershot (2)
 Z - a wand of digging (21)
Scrolls
 j - 29 scrolls of remove curse
 n - 6 scrolls of teleportation
 o - 2 scrolls of fear
 p - 13 scrolls of identify
 u - 8 scrolls of magic mapping
 B - 3 scrolls of blinking
 C - 10 scrolls of fog
 E - 3 scrolls of enchant armour
 F - 3 scrolls of holy word
 N - 2 scrolls of silence
Potions
 e - 10 potions of haste
 k - 2 potions of mutation
 v - 13 potions of curing
 x - 5 potions of ambrosia
 z - 5 potions of might
 H - 9 potions of flight
 M - a potion of invisibility
 P - 9 potions of brilliance
 R - 6 potions of agility
 Y - 4 potions of resistance
Comestibles
 c - 36 rations


   Skills:
 + Level 22.7(21.6) Fighting
   Level 7.2(6.3) Short Blades
 + Level 24.7(23.5) Axes
 + Level 17.8(16.7) Armour
 + Level 7.9(7.1) Dodging
 + Level 5.4(4.6) Stealth
 O Level 27(25.7) Shields
 + Level 2.9(2.1) Evocations


You had 22 spell levels left.
You didn't know any spells.
Your spell library was empty.

Dungeon Overview and Level Annotations

Branches:
Dungeon (15/15)            Temple (0/1) D:7            Lair (6/6) D:10
  Swamp (4/4) Lair:3       Spider (4/4) Lair:4        Slime (0/5) Lair:5
    Orc (2/2) D:12            Elf (3/3) Orc:2        Vaults (4/5) D:14
  Crypt (0/3) Vaults:3     Depths (4/5) D:15

Altars:
Ashenzari
Cheibriados
Dithmenos
Elyvilon
Gozag
Kikubaaqudgha
Nemelex Xobeh
Okawaru
Qazlal
Ru
Sif Muna
Trog
Uskayaw
Vehumet
Wu Jian
Xom
Yredelemnul
Beogh

Shops:
D:14 (%   Orc:2 ??(:   Vaults:2 *   Depths:3 %

Portals:
Hell: Depths:1 Depths:2 Depths:3
Abyss: Depths:3 Depths:4
Pandemonium: Depths:3
Trove: Depths:2 (give 15 scrolls of teleportation)

Annotations:
D:7 3 runed translucent doors, bmj180's ghost, novice KoHu
D:12 exclusion: ice statue
Lair:2 exclusion: 2 oklob plants
Orc:1 2 transporters, Smellybutthole's ghost, novice MiBe
Depths:4 Mennas


Innate Abilities, Weirdness & Mutations

You reflexively headbutt those who attack you in melee.
You have a pair of horns on your head.
You have large cloven feet.
You are partially covered in rugged brown scales. (AC +1, +3% HP)
You can translocate small distances at will.
Your flesh is cold resistant. (rC+)
You are frail. (-10% HP)


Message History

You block Mennas's attack. x2
You block the hell knight's attack.
Items here: $ )) ? [[ † You hit the hell knight but do no damage.
You headbutt the hell knight!
The hell knight is moderately wounded.
You block Mennas's attack. x2
You hit the hell knight but do no damage.
The hell knight is moderately wounded.
Your skin stops crawling.
You feel less resistant to hostile enchantments.
You block the hell knight's attack. Mennas hits you but does no damage.
You block Mennas's attack.
You slash the hell knight!
The hell knight's magic leaks into the air.
You headbutt the hell knight!!
The hell knight is severely wounded.
Mennas hits you but does no damage.
Mennas hits you from afar with a +4 trishula of holy wrath!
You die...

#........#.# #..###.#.....
#........#(###....((#....
##+#.#..##.##.........###..
#.#)#.###p##..............
######'#.....#p#(........#####.
#..........#.#C#...#######.....
#..(......<#.#A#p#########}...p
#)........## #.#.).............
#.........+ #@#.).............
#.......######.p...............
#.......#∩p.(###.............pA
#.......#.pQp###...........#..u
#.......#(C)A'.#...........#...
..... #..).#.............#...
########...........#...
#...........#...
#...........####


You could see Mennas, a stone giant and 3 hell knights.

Vanquished Creatures
  Mara (Depths:2)
  Sojobo (Depths:2)
  Saint Roka (Vaults:2)
  The ghost of Faydane the Hoplite, a veteran HuFi of the Shining One (Vaults:3)
  Nikola (Depths:2)
  Jory (Vaults:2)
  A golden dragon (Depths:2)
  3 bone dragons
  Jorgrun (Swamp:3)
  A lich (Vaults:4)
  A tentacled monstrosity (Depths:3)
  Asterion (Vaults:3)
  10 tentacled starspawn
  A sphinx (Vaults:2)
  An Executioner (Abyss:4)
  2 tengu reavers (Depths:2)
  Kirke (Swamp:4)
  5 fire giants
  2 thorn hunters (Swamp:4)
  6 nagarajas (Depths:2)
  2 deep elf sorcerers
  5 frost giants
  11 vault wardens
  2 orc warlords (Vaults:3)
  7 ghost moths
  2 cacodemons
  A balrug (Abyss:1)
  A deep elf elementalist (Elf:2)
  A draconian annihilator (Abyss:2)
  2 emperor scorpions (Spider:4)
  An angel (Abyss:4)
  Aizul (Depths:2)
  A reaper (Depths:3)
  11 ironheart preservers
  A ghoul (Swamp:1)
  An ophan (Abyss:4)
  29 very ugly things
  10 stone giants
  3 entropy weavers
  A lorocyproca (Abyss:2)
  A deep elf annihilator (Elf:1)
  Azrael (Spider:3)
  A spark wasp (Spider:4)
  A minotaur (Vaults:3)
  A crystal guardian (Vaults:3)
  2 deep elf death magi
  The ghost of reativica the Archer, a journeyman CeHu of Fedhas (Spider:3)
  5 ettins
  13 ogre magi
  6 yaktaur captains
  A merfolk impaler (Vaults:3)
  6 fire dragons
  9 rakshasas
  12 vault guards
  2 ghost crabs
  A quicksilver dragon skeleton (Abyss:3)
  3 naga warriors
  3 spriggan air magi
  4 great orbs of eyes
  22 hydras
  12 centaur warriors
  An anaconda (Depths:2)
  7 ice dragons
  4 shambling mangroves
  4 deep troll shamans
  A catoblepas (Lair:4)
  31 two-headed ogres
  10 alligators
  Erica (Lair:1)
  6 tengu warriors
  28 dancing weapons
  A vampire mage (Depths:2)
  9 hell hogs (Abyss:4)
  6 deep troll earth magi
  2 orc high priests
  6 thrashing horrors
  A spriggan berserker (Depths:2)
  Nergalle (Orc:2)
  The ghost of night the Spear-Bearer, a novice DsGl of Vehumet (D:11)
  20 deep elf knights
  Sonja (D:13)
  11 wretched stars
  3 hell knights
  A fire crab (Lair:6)
  27 large abominations
  7 sixfirhies
  6 spatial maelstroms
  An iron troll (Depths:3)
  4 skeletal warriors
  5 glowing orange brains
  A ghost moth zombie (Abyss:4)
  A flayed ghost (Depths:3)
  2 unseen horrors (shapeshifter)
  A spriggan druid (Swamp:4)
  13 unseen horrors
  25 deep trolls
  A deep troll (shapeshifter) (Abyss:4)
  10 swamp dragons
  A wolf spider zombie (D:15)
  12 ironbrand convokers
  10 wizards
  11 deep elf archers
  A harpy (shapeshifter) (Depths:3)
  60 deep elf magi
  9 orc knights
  3 harpies (Vaults:3)
  3 lindwurms
  3 necromancers
  14 orb spiders
  66 ugly things
  A manticore (shapeshifter) (Abyss:4)
  A mana viper (Abyss:2)
  7 cyclopes
  8 orc sorcerers
  32 wolf spiders
  A shining eye (shapeshifter) (Depths:2)
  A worldbinder (Abyss:4)
  2 moths of wrath (Spider:3)
  3 manticores
  A water nymph (shapeshifter) (Vaults:3)
  Maurice (D:11)
  7 black mambas
  A guardian serpent (shapeshifter) (Depths:4)
  9 vault sentinels
  4 elephants (Lair:6)
  3 centaur skeletons
  A naga mage (Depths:2)
  A torpor snail (Spider:3)
  4 apocalypse crabs
  3 guardian serpents (Depths:2)
  2 rust devils (Abyss:4)
  12 smoke demons
  13 spiny frogs
  A storm dragon simulacrum (Vaults:2)
  6 orange demons
  A yaktaur (shapeshifter) (D:15)
  10 demonic crawlers
  3 kobold demonologists
  A rime drake (Lair:2)
  15 komodo dragons
  31 yaktaurs
  3 hellwings (Abyss:4)
  3 efreet
  An ice devil (Abyss:3)
  9 freezing wraiths
  10 ancient zymes
  2 red devils (Depths:3)
  A tengu conjurer (Depths:1)
  6 meliai
  A jumping spider (shapeshifter) (D:15)
  A wolf spider simulacrum (Abyss:4)
  7 trolls
  26 jumping spiders
  6 polar bears
  25 hornets
  17 blink frogs
  A hippogriff (shapeshifter) (Abyss:4)
  A dream sheep (Lair:6)
  43 slime creatures
  28 raiju
  10 tyrant leeches
  16 hippogriffs
  A raiju (shapeshifter) (Depths:2)
  18 bog bodies
  A human simulacrum (Vaults:2)
  A fire giant simulacrum (Abyss:4)
  Sigmund (D:5)
  7 flying skulls (Abyss:4)
  An air elemental (Elf:2)
  42 redbacks
  10 water elementals
  A dire elephant simulacrum (Abyss:4)
  3 shadows
  3 vampires
  9 wraiths
  19 spriggans
  58 starcursed masses
  31 tarantellas
  2 centaur simulacra (D:11)
  15 yaks
  A tarantella (shapeshifter) (Vaults:2)
  7 fire elementals
  5 hungry ghosts
  10 ynoxinuls
  4 wyverns
  A steam dragon (D:13)
  6 basilisks
  A hog (shapeshifter) (Elf:2)
  A golden eye (Abyss:4)
  2 hogs (Swamp:4)
  9 chaos spawn
  A basilisk (shapeshifter) (D:14)
  20 humans (D:14)
  7 vampire mosquitoes
  6 neqoxecs
  7 wargs
  A swamp worm (shapeshifter) (Vaults:2)
  2 acid dragons (Vaults:1)
  14 swamp worms
  4 insubstantial wisps (Swamp:4)
  3 spatial vortices
  11 nagas (Depths:2)
  A floating eye (Depths:3)
  18 water moccasins
  4 hell hounds
  11 swamp drakes
  Duvessa (D:5)
  11 porcupines
  A black bear (shapeshifter) (Depths:1)
  7 black bears
  30 orc warriors
  An eye of draining (shapeshifter) (Depths:2)
  4 ice beasts
  An ettin simulacrum (Abyss:4)
  6 sky beasts
  5 necrophages
  30 ogres
  A phantom (D:5)
  10 boggarts
  6 eyes of draining
  27 wolves
  25 centaurs
  31 small abominations
  14 crocodiles
  Blork the orc (D:5)
  6 big kobolds
  14 bullfrogs
  A water moccasin zombie (D:8)
  A gnoll sergeant (D:9)
  9 earth elementals
  Dowan (D:5)
  A wyvern zombie (D:14)
  4 scorpions
  12 killer bees
  3 wights (D:8)
  A howler monkey (D:8)
  12 electric eels
  8 crimson imps
  2 bullfrog zombies
  3 centaur zombies
  14 jellies
  4 quasits
  5 hounds
  23 orc priests
  50 orc wizards
  3 iron imps
  4 iguanas
  17 worker ants
  A tengu skeleton (Abyss:4)
  A hound zombie (D:6)
  2 hound skeletons
  A mummy (D:8)
  A worker ant zombie (D:3)
  5 gnolls (D:9)
  A howler monkey skeleton (D:10)
  19 adders
  6 shadow imps
  8 white imps
  A worker ant simulacrum (D:11)
  2 ufetubi
  4 oozes
  2 adder skeletons
  2 worms
  2 dart slugs (D:1)
  4 leopard geckos
  129 orcs
  4 ball pythons
  6 giant cockroaches
  11 goblins
  4 hobgoblins
  6 jackals (D:2)
  4 quokkas
  6 bats
  3 frilled lizards
  A jackal skeleton (D:4)
  30 kobolds
  8 rats
  11 briar patches (Swamp:4)
  3 fungi
  10 starspawn tentacles
2186 creatures vanquished.

Vanquished Creatures (collateral kills)
  A bone dragon (Abyss:4)
  A deep elf blademaster (Vaults:3)
  An ironheart preserver (Vaults:1)
  An ogre mage (Vaults:1)
  3 two-headed ogres
  3 orc knights
  2 orc sorcerers (D:12)
  A smoke demon (Abyss:4)
  A raiju (Abyss:4)
  A neqoxec (Abyss:4)
  A large abomination (Abyss:4)
  An orc warrior (D:12)
  An ogre (Vaults:1)
  A big kobold (Abyss:4)
  An orc (D:12)
  A kobold (Abyss:4)
21 creatures vanquished.

Vanquished Creatures (others)
  A stone giant (Depths:3)
  2 merfolk javelineers
  3 yaktaur captains
  3 centaur warriors
  A hell hog (Abyss:4)
  5 deep elf archers
  A large abomination (Abyss:4)
  2 deep elf magi
  2 cyclopes
  14 yaktaurs
  A raiju (Abyss:4)
  2 redbacks (Spider:2)
  A swamp drake (Swamp:4)
  An orc warrior (Vaults:3)
  7 centaurs
  2 small abominations
  A wight (D:8)
  An electric eel (Spider:3)
  3 orcs
  3 briar patches (Swamp:4)
  7 fungi
  A lurking horror (Abyss:4)
  8 plants
  18 starspawn tentacles
90 creatures vanquished.

Grand Total: 2297 creatures vanquished

Notes
Turn   | Place    | Note
-------+----------+-------------------------------------------
     0 | D:1      | Madoushi the Minotaur Berserker began the quest for the
                  | Orb.
     0 | D:1      | Reached XP level 1. HP: 19/19 MP: 0/0
    96 | D:1      | Reached XP level 2. HP: 18/27 MP: 1/1
   635 | D:1      | Reached XP level 3. HP: 29/34 MP: 2/2
  1025 | D:2      | Reached ** piety under Trog
  1308 | D:2      | Noticed a scorpion
  1320 | D:2      | Killed a scorpion
  1320 | D:2      | Reached skill level 1 in Short Blades
  1320 | D:2      | Reached XP level 4. HP: 21/41 MP: 3/3
  1657 | D:2      | Noticed a bullfrog
  1664 | D:2      | Killed a bullfrog
  1664 | D:2      | Reached skill level 5 in Fighting
  1664 | D:2      | Reached XP level 5. HP: 32/48 MP: 4/4
  2059 | D:2      | Found a white marble altar of Elyvilon.
  2262 | D:3      | Found a transporter.
  2287 | D:3      | Found a transporter.
  2890 | D:3      | Reached XP level 6. HP: 56/56 MP: 5/5
  3212 | D:4      | Noticed a hippogriff
  3222 | D:4      | Killed a hippogriff
  3222 | D:4      | Reached skill level 2 in Shields
  3382 | D:4      | Found an opulent altar of Gozag.
  3393 | D:4      | Reached XP level 7. HP: 62/62 MP: 6/6
  3613 | D:4      | Reached skill level 3 in Shields
  3664 | D:4      | Found a radiant altar of Vehumet.
  3717 | D:4      | Reached *** piety under Trog
  4054 | D:5      | Entered Level 5 of the Dungeon
  4060 | D:5      | Reached skill level 1 in Stealth
  4105 | D:5      | Reached skill level 4 in Shields
  4187 | D:5      | Reached skill level 5 in Short Blades
  4187 | D:5      | Reached XP level 8. HP: 32/70 MP: 7/7
  4368 | D:5      | Found a shattered altar of Ashenzari.
  4418 | D:5      | Reached skill level 5 in Shields
  4853 | D:5      | Found a sacrificial altar of Ru.
  4892 | D:5      | Reached skill level 5 in Dodging
  4926 | D:5      | Found a stormy altar of Qazlal.
  4928 | D:5      | Found a hide-covered altar of Uskayaw.
  4929 | D:5      | Noticed Sigmund
  4931 | D:5      | Noticed Duvessa
  4933 | D:5      | Noticed Dowan
  4945 | D:5      | Killed Sigmund
  4952 | D:5      | Killed Duvessa
  4952 | D:5      | Reached skill level 6 in Shields
  4954 | D:5      | Killed Dowan
  4996 | D:5      | Found a basalt altar of Yredelemnul.
  4999 | D:5      | Found a shimmering altar of Xom.
  5000 | D:5      | Found a bloodstained altar of Trog.
  5035 | D:5      | Found a sparkling altar of Nemelex Xobeh.
  5197 | D:6      | Noticed Blork the orc
  5277 | D:5      | Reached XP level 9. HP: 72/78 MP: 8/8
  5461 | D:5      | Killed Blork the orc
  5678 | D:5      | Reached skill level 5 in Axes
  5770 | D:6      | Reached skill level 7 in Shields
  5993 | D:6      | Found an iron altar of Okawaru.
  6120 | D:6      | Reached **** piety under Trog
  6162 | D:6      | Reached skill level 5 in Armour
  7243 | D:7      | Found a runed translucent gate.
  7243 | D:7      | Found a runed translucent gate.
  7245 | D:7      | Found a runed translucent gate.
  7246 | D:7      | Noticed bmj180's ghost (novice KoHu)
  7967 | D:7      | Found a staircase to the Ecumenical Temple.
  8284 | D:8      | Reached XP level 10. HP: 73/88 MP: 9/9
  8918 | D:8      | Found a snail-covered altar of Cheibriados.
  9275 | D:8      | Noticed a two-headed ogre
  9283 | D:8      | Killed a two-headed ogre
  9831 | D:9      | Reached skill level 10 in Axes
  9958 | D:9      | Reached ***** piety under Trog
 10268 | D:10     | Entered Level 10 of the Dungeon
 10289 | D:9      | Reached skill level 1 in Evocations
 10693 | D:10     | Reached XP level 11. HP: 57/95 MP: 11/11
 10990 | D:10     | Received a gift from Trog
 11198 | D:10     | Found a staircase to the Lair.
 11635 | D:11     | Noticed a brown ugly thing
 11648 | D:11     | Killed a brown ugly thing
 12302 | D:11     | Paralysed by a hornet for 2 turns
 12544 | D:11     | Found a runed translucent gate.
 12544 | D:11     | Found a runed translucent gate.
 12544 | D:11     | Found a runed translucent gate.
 12544 | D:11     | Noticed night's ghost (novice DsGl)
 12788 | D:11     | Noticed Maurice
 12804 | D:11     | Killed Maurice
 12857 | D:11     | Reached skill level 8 in Shields
 13238 | Lair:1   | Entered Level 1 of the Lair of Beasts
 13243 | Lair:1   | Noticed a six-headed hydra
 13397 | Lair:1   | Killed a four-headed hydra
 13429 | Lair:1   | Noticed a six-headed hydra
 13434 | Lair:1   | Killed a two-headed hydra
 13434 | Lair:1   | Reached skill level 10 in Armour
 13434 | Lair:1   | Reached skill level 9 in Shields
 13856 | Lair:1   | Reached XP level 12. HP: 78/106 MP: 12/12
 14119 | Lair:1   | Noticed Erica
 14135 | Lair:1   | Killed Erica
 14837 | Lair:2   | Reached skill level 10 in Shields
 14840 | Lair:2   | Found a gate leading to a gauntlet.
 14931 | Lair:2   | Reached skill level 10 in Fighting
 15517 | Lair:3   | Found a shadowy altar of Dithmenos.
 15573 | Lair:3   | Noticed a fire dragon
 15590 | Lair:3   | Killed a fire dragon
 15770 | Lair:3   | Found a staircase to the Swamp.
 16321 | Lair:3   | Reached skill level 11 in Shields
 17310 | Lair:4   | Noticed a catoblepas
 17330 | Lair:4   | Killed a catoblepas
 17624 | Lair:4   | Found a hole to the Spider Nest.
 17928 | Lair:4   | Received a gift from Trog
 18594 | Lair:5   | Found a staircase to the Slime Pits.
 18612 | Lair:5   | Reached XP level 13. HP: 92/114 MP: 13/13
 18943 | Lair:5   | Reached skill level 12 in Shields
 19316 | Lair:6   | Entered Level 6 of the Lair of Beasts
 19719 | Lair:6   | Reached skill level 15 in Axes
 19797 | Lair:6   | Reached ****** piety under Trog
 19906 | Lair:6   | Got a slimy plate armour
 19917 | Lair:6   | Identified the +7 plate armour of Difikk {Dex+7} (You found
                  | it on level 6 of the Lair of Beasts)
 20127 | Lair:6   | Reached skill level 13 in Shields
 20296 | Lair:6   | Found a deep blue altar of Sif Muna.
 21633 | D:11     | Killed night's ghost
 21751 | D:12     | Found a staircase to the Orcish Mines.
 21767 | D:12     | Received a gift from Trog
 21824 | D:12     | Reached XP level 14. HP: 112/124 MP: 14/14
 22140 | D:12     | Found a runed translucent door.
 22175 | D:12     | Reached skill level 14 in Shields
 22261 | D:12     | Found a roughly hewn altar of Beogh.
 22864 | Orc:1    | Entered Level 1 of the Orcish Mines
 23051 | Orc:2    | Entered Level 2 of the Orcish Mines
 23069 | Orc:1    | Received a gift from Trog
 23502 | Orc:2    | Found a staircase to the Elven Halls.
 24210 | Orc:2    | Found Saucs's Antique Weapon Shoppe.
 24277 | Orc:2    | Found a radiant altar of Vehumet.
 24305 | Orc:2    | Found Fapol's Magic Scroll Shoppe.
 24313 | Orc:2    | Noticed Nergalle
 24317 | Orc:2    | Received a gift from Trog
 24331 | Orc:2    | Killed Nergalle
 24540 | Orc:2    | Found an ancient bone altar of Kikubaaqudgha.
 24583 | Orc:2    | Found a roughly hewn altar of Beogh.
 24594 | Orc:2    | Reached skill level 15 in Shields
 24609 | Orc:2    | Found Morucoe's Magic Scroll Emporium.
 24617 | Orc:2    | Found Juwev's Book Emporium.
 25184 | Orc:1    | Noticed Smellybutthole's ghost (novice MiBe)
 25185 | Orc:1    | Found a transporter.
 25226 | Orc:1    | Found a transporter.
 25672 | Orc:2    | Bought a runed battleaxe for 285 gold pieces
 25872 | D:13     | Noticed Sonja
 26147 | D:13     | Killed Sonja
 26683 | D:14     | Received a gift from Trog
 27132 | D:14     | Reached XP level 15. HP: 134/134 MP: 15/15
 27182 | D:14     | Found a gate to the Vaults.
 27193 | D:14     | Reached skill level 16 in Shields
 27655 | D:14     | Found Hirgh's Food Shop.
 27748 | D:14     | Found Guupt's Weapon Shoppe.
 28029 | D:14     | Received a gift from Trog
 28241 | D:15     | Entered Level 15 of the Dungeon
 28691 | D:15     | Found a staircase to the Depths.
 29571 | D:11     | Gained mutation: You are somewhat resistant to further
                  | mutation. [potion of mutation]
 29585 | D:11     | Lost mutation: You are somewhat resistant to further
                  | mutation. [potion of mutation]
 29585 | D:11     | Gained mutation: You can translocate small distances at
                  | will. [potion of mutation]
 29585 | D:11     | Gained mutation: You expend magic power (3 MP) to
                  | strengthen your wands. [potion of mutation]
 29585 | D:11     | Gained mutation: You are partially covered in rugged brown
                  | scales. (AC +1, +3% HP) [potion of mutation]
 29699 | Swamp:1  | Entered Level 1 of the Swamp
 30506 | Swamp:1  | Received a gift from Trog
 31002 | Swamp:1  | Reached skill level 17 in Shields
 31970 | Swamp:3  | Reached XP level 16. HP: 137/149 MP: 16/16
 32318 | Swamp:3  | Noticed Jorgrun
 32328 | Swamp:3  | Killed Jorgrun
 32328 | Swamp:3  | Reached skill level 18 in Shields
 32500 | Swamp:4  | Entered Level 4 of the Swamp
 33144 | Swamp:4  | Received a gift from Trog
 34012 | Swamp:4  | Noticed a thorn hunter
 35199 | Swamp:4  | Noticed a thorn hunter
 35205 | Swamp:4  | Killed a thorn hunter
 35205 | Swamp:4  | Reached skill level 19 in Shields
 35612 | Swamp:4  | Got a decaying rune of Zot
 36020 | Swamp:4  | Killed a thorn hunter
 36099 | Swamp:4  | Noticed Kirke
 36112 | Swamp:4  | Killed Kirke
 36161 | Swamp:4  | Received a gift from Trog
 36662 | Elf:1    | Entered Level 1 of the Elven Halls
 37355 | Elf:1    | Reached XP level 17. HP: 154/158 MP: 6/18
 37517 | Elf:1    | Reached skill level 15 in Fighting
 37825 | Elf:1    | Received a gift from Trog
 38495 | Elf:2    | Received a gift from Trog
 38805 | Elf:2    | Reached skill level 20 in Shields
 38869 | Elf:2    | Received a gift from Trog
 39500 | Elf:2    | Found a runed translucent gate.
 39500 | Elf:2    | Found a runed translucent gate.
 39501 | Elf:2    | Found a runed translucent gate.
 39529 | Elf:2    | Reached skill level 15 in Armour
 40372 | Elf:2    | Received a gift from Trog
 40942 | Elf:3    | Entered Level 3 of the Elven Halls
 41008 | Elf:3    | Reached XP level 18. HP: 167/170 MP: 6/19
 41229 | Elf:3    | Identified the +6 war axe "Leviticus" {flame, rElec SInv}
 41610 | Elf:3    | Noticed a Brimstone Fiend
 41791 | Spider:1 | Entered Level 1 of the Spider Nest
 42347 | Spider:1 | Received a gift from Trog
 43017 | Spider:2 | Reached skill level 21 in Shields
 43600 | Spider:2 | You fall through a shaft!
 43801 | Spider:3 | Noticed Azrael
 43927 | Spider:3 | Killed Azrael
 43929 | Spider:3 | Received a gift from Trog
 44131 | Spider:3 | Found a runed translucent gate.
 44132 | Spider:3 | Found a runed translucent gate.
 44133 | Spider:3 | Found a runed translucent gate.
 44136 | Spider:3 | Noticed reativica's ghost (journeyman CeHu)
 44150 | Spider:3 | Killed reativica's ghost
 44158 | Spider:3 | Got a shimmering plate armour
 44160 | Spider:3 | Identified the +7 plate armour of Xioc Myi {+Fly} (You
                  | found it on level 3 of the Spider Nest)
 44543 | Spider:4 | Entered Level 4 of the Spider Nest
 45564 | Spider:4 | Received a gift from Trog
 45844 | Spider:4 | Reached skill level 22 in Shields
 45927 | Spider:4 | Got a gossamer rune of Zot
 46219 | Vaults:1 | Entered Level 1 of the Vaults
 46247 | Vaults:1 | Reached XP level 19. HP: 150/182 MP: 6/20
 46612 | Vaults:1 | Received a gift from Trog
 47399 | Vaults:2 | Reached skill level 23 in Shields
 47739 | Vaults:2 | Received a gift from Trog
 47767 | Vaults:2 | Found Zerhess's General Store.
 47783 | Vaults:2 | Got an iridescent hand axe {god gift}
 47784 | Vaults:2 | Identified the +7 hand axe of Trog's Displeasure {flame,
                  | Str-4 Dex+2 SInv} (Trog gifted it to you on level 2 of the
                  | Vaults)
 47927 | Vaults:2 | Noticed Saint Roka
 47958 | Vaults:2 | Killed Saint Roka
 48175 | Vaults:2 | Noticed Jory
 48198 | Vaults:2 | Killed Jory
 48244 | Vaults:2 | Reached XP level 20. HP: 184/194 MP: 7/21
 48548 | Vaults:2 | Received a gift from Trog
 49450 | Vaults:3 | Found a staircase to the Crypt.
 49702 | Vaults:3 | Identified a scroll of acquirement
 49727 | Vaults:3 | Noticed Asterion
 49761 | Vaults:3 | Killed Asterion
 50226 | Vaults:3 | Found a runed translucent gate.
 50226 | Vaults:3 | Found a runed translucent gate.
 50226 | Vaults:3 | Found a runed translucent gate.
 50228 | Vaults:3 | Noticed Faydane's ghost (veteran HuFi)
 50232 | Vaults:3 | Found an iron altar of Okawaru.
 50256 | Vaults:3 | Killed Faydane's ghost
 50260 | Vaults:3 | Reached skill level 24 in Shields
 50787 | Vaults:3 | Received a gift from Trog
 51258 | Vaults:4 | Found a flickering gateway to a bazaar.
 51273 | Bazaar   | Entered a bazaar
 51288 | Bazaar   | Found Nennetz's Antique Weapon Shoppe.
 51288 | Bazaar   | Found Lyuxat's General Store.
 51325 | Bazaar   | Found Makare's Jewellery Emporium.
 51325 | Bazaar   | Found Xicograu's Food Emporium.
 51362 | Bazaar   | Bought a glowing broad axe for 245 gold pieces
 51495 | Vaults:4 | Reached XP level 21. HP: 151/204 MP: 7/22
 51595 | Vaults:4 | Received a gift from Trog
 51851 | Vaults:4 | Found a ruined gateway.
 52403 | Depths:1 | Entered Level 1 of the Depths
 52519 | Depths:1 | Found a gateway to Hell.
 52853 | Depths:1 | Got an iridescent hand axe
 52854 | Depths:1 | Identified the +8 hand axe of Cheese {chop, +Fly rF+} (You
                  | found it on level 1 of the Depths)
 53130 | Depths:1 | Received a gift from Trog
 53254 | Depths:2 | Noticed Sojobo
 53264 | Depths:2 | Reached skill level 25 in Shields
 53279 | Depths:2 | Killed Sojobo
 53377 | Depths:2 | Found a portal to a secret trove of treasure.
 53406 | Depths:2 | Noticed Nikola
 53421 | Depths:2 | Noticed Aizul
 53452 | Depths:2 | Killed Aizul
 53455 | Depths:2 | Killed Nikola
 53843 | Depths:2 | Noticed Mara
 53846 | Depths:2 | Noticed Madoushi's illusion
 54212 | Depths:2 | Noticed Madoushi's illusion
 54262 | Depths:2 | Noticed Madoushi's illusion
 54290 | Depths:2 | Killed Mara
 54660 | Depths:2 | Received a gift from Trog
 55399 | Depths:2 | Reached XP level 22. HP: 217/217 MP: 7/23
 55699 | Depths:3 | Noticed a golden dragon
 55712 | Depths:2 | Received a gift from Trog
 55826 | Depths:2 | Killed a golden dragon
 56447 | Depths:2 | Reached skill level 26 in Shields
 57053 | Depths:3 | Found a stormy altar of Qazlal.
 57053 | Depths:3 | Found an ancient bone altar of Kikubaaqudgha.
 57265 | Depths:3 | Found a one-way gate to the infinite horrors of the Abyss.
 57283 | Depths:3 | Found a one-way gate leading to the halls of Pandemonium.
 57364 | Depths:3 | Found an ornate altar of the Wu Jian Council.
 57372 | Depths:3 | Found a shimmering altar of Xom.
 57427 | Depths:3 | Received a gift from Trog
 57506 | Depths:3 | Found Onaimy's Food Boutique.
 57968 | Depths:3 | Voluntarily entered the Abyss.
 57968 | Abyss:1  | Found a corrupted altar of Lugonu.
 58370 | Abyss:1  | Found a corrupted altar of Lugonu.
 59261 | Abyss:3  | Received a gift from Trog
 59850 | Abyss:4  | Found a corrupted altar of Lugonu.
 59861 | Abyss:4  | Reached XP level 23. HP: 140/227 MP: 8/24
 59914 | Abyss:4  | HP: 1/227 [cyan very ugly thing (23)]
 59918 | Abyss:4  | Got an abyssal rune of Zot
 60048 | Abyss:4  | Reached skill level 27 in Shields
 60113 | Abyss:4  | Received a gift from Trog
 60276 | Abyss:4  | Paralysed by accursed screaming for 1 turns
 60589 | Abyss:4  | Gained mutation: You have large cloven feet. [mutagenic
                  | glow]
 60607 | Abyss:4  | Gained mutation: You are extremely frail. (-30% HP)
                  | [mutagenic glow]
 61002 | Abyss:4  | Paralysed by you for 3 turns
 61070 | Abyss:4  | Gained mutation: Your body sometimes deteriorates upon
                  | taking damage. [a neqoxec]
 61100 | Abyss:4  | Reached skill level 5 in Stealth
 61249 | Abyss:4  | Received a gift from Trog
 61453 | Abyss:4  | Gained mutation: Potions are less effective at restoring
                  | your health. [a neqoxec]
 61547 | Abyss:5  | Entered Level 5 of the Abyss
 61547 | Abyss:5  | Entered Level 5 of the Abyss
 61575 | Abyss:5  | Found a corrupted altar of Lugonu.
 61613 | Depths:3 | Escaped the Abyss
 62739 | Spider:1 | Lost mutation: Potions are less effective at restoring your
                  | health. [potion of mutation]
 62739 | Spider:1 | Lost mutation: Your body sometimes deteriorates upon taking
                  | damage. [potion of mutation]
 62739 | Spider:1 | Lost mutation: You expend magic power (3 MP) to strengthen
                  | your wands. [potion of mutation]
 62739 | Spider:1 | Gained mutation: Your spells are a little easier to cast,
                  | but a little less powerful. [potion of mutation]
 62739 | Spider:1 | Lost mutation: Your spells are a little easier to cast, but
                  | a little less powerful. [potion of mutation]
 62739 | Spider:1 | Gained mutation: Your flesh is cold resistant. (rC+)
                  | [potion of mutation]
 63124 | Depths:4 | Noticed Mennas
 63168 | Depths:4 | Received a gift from Trog
 63173 | Depths:4 | HP: 10/209 [hell knight/+5 glaive of draining (1)]
 63206 | Depths:4 | HP: 10/209 [Mennas/+4 trishula of holy wrath (9)]
 63212 | Depths:4 | HP: 2/209 [Mennas/+4 trishula of holy wrath (17)]
 63218 | Depths:4 | Mangled by Mennas

Skill      XL: |  1  2  3  4  5  6  7  8  9 10 11 12 13 14 15 16 17 18 19 20 21 22 23 |
---------------+----------------------------------------------------------------------+-----
Fighting       | 4 5 6 7 8 9 10 11 12 13 14 16 17 18 19 20 21 22 | 22.7
Axes           | 4 7 11 13 14 15 17 18 19 20 21 22 23 24 | 24.7
Short Blades   | 1 2 3 5 6 7 |  7.2
Dodging        | 3 4 5 6 7 |  7.9
Armour         | 3 4 6 8 10 11 12 13 14 15 16 17 | 17.8
Shields        | 2 4 6 7 9 11 13 15 17 19 20 22 23 24 25 26 27 | 27.0
Stealth        | 1 2 3 4 5 |  5.4
Evocations     | 1 2 |  2.9

Action                   |  1- 3 |  4- 6 |  7- 9 | 10-12 | 13-15 | 16-18 | 19-21 | 22-24 || total
-------------------------+-------+-------+-------+-------+-------+-------+-------+-------++-------
Melee: Hand axe          |    10 |       |       |       |       |       |       |       ||    10
       Short sword       |    32 |   124 |   168 |       |       |       |       |       ||   324
       Headbutt          |     3 |    27 |    64 |   143 |   395 |   423 |   520 |   371 ||  1946
       Battleaxe         |       |       |   179 |   254 |       |       |       |       ||   433
       War axe           |       |       |       |   408 |  1310 |   385 |       |       ||  2103
       Broad axe         |       |       |       |       |       |   953 |  1352 |  1076 ||  3381
Invok: Trog's Hand       |     1 |     1 |     1 |     2 |     2 |     1 |       |    10 ||    18
       Berserk           |     1 |     1 |     3 |     3 |     2 |     3 |     1 |     1 ||    15
       Brothers in Arms  |       |       |       |       |     1 |     1 |     2 |     1 ||     5
 Abil: Blink             |       |       |       |       |     1 |     1 |     8 |     1 ||    11
Evoke: Wand              |       |       |       |     6 |     4 |     7 |     7 |       ||    24
  Use: Scroll            |       |     5 |     3 |    14 |    12 |    22 |    15 |    15 ||    86
       Potion            |       |       |       |     1 |     5 |     7 |       |    14 ||    27
 Stab: Sleeping          |       |       |     1 |       |       |       |       |       ||     1
       Distracted        |       |       |       |       |       |     1 |       |     2 ||     3
       Held in net/web   |       |       |       |       |       |     1 |       |       ||     1
       Invisible         |       |       |       |       |       |       |       |    13 ||    13
  Eat: Ration            |       |     1 |     3 |     9 |     8 |    12 |     6 |     9 ||    48
       Chunk             |       |     7 |     9 |     9 |    20 |    10 |     9 |     2 ||    66
Armor: Animal skin       |     9 |     8 |       |       |       |       |       |       ||    17
       Leather armour    |       |    39 |    22 |       |       |       |       |       ||    61
       Plate armour      |       |       |   146 |   351 |   367 |   415 |   189 |   236 ||  1704
Dodge: Dodged            |    30 |    38 |   176 |   246 |   242 |   340 |   179 |   178 ||  1429
Block: Large shield      |       |    63 |   110 |   342 |  1574 |  1806 |  1656 |  1485 ||  7036
       Reflection        |       |       |       |       |    64 |    70 |   154 |    68 ||   356
